AoeStats
← LejuDuTixFdp

Scandinavia

510980736Analyzed
1v1 RM · 12h ago on Oct 3, 2026· 27m 16s· 2 players
Game mode
Random Map
Map size
Tiny (2 player)
Population
200
Speed
Normal
Resources
Standard
Victory
Conquest
Starting age
Dark Age
Ending age
Imperial Age
RankedLock teamsTeams togetherTeam positionsShared explorationLock speedFull tech treeHidden civsTurbo modeCheats
Victory
Defeat
🇦🇺 Mongols · Australia
1006
+16
🇫🇷 Mongols · France
1003
-16
LejuDuTixFdp
2:06 Loom
5:17 Loom
9:16 Feudal Age
9:29 Man-at-Arms
20:44 Castle Age
20:52 Forging
20:48 Scale Barding Armor
freeth84
9:07 Feudal Age
10:08 Loom
13:46 Double-Bit Axe
18:43 Castle Age
17:54 Fletching
19:23 Bloodlines
19:19 Padded Archer Armor
20:36 Bow Saw
22:22 Bodkin Arrow
Connection lost

Rejoining the realm…

Still unreachable

The connection could not be restored.

Session expired

The server has moved on; the page needs a fresh start.